 Dungeon Crawl Stone Soup version 0.21.0-3-g78d12a8 (console) character file.

144083 removed the Frost Mage (level 16, -8/134 HPs)
             Began as a Demigod Wanderer on Jan 14, 2018.
             Killed from afar by a merfolk aquamancer (58 damage)
             ... with a shard of ice
             ... on level 1 of the Shoals.
             The game lasted 01:51:54 (50924 turns).

removed the Frost Mage (Demigod Wanderer)          Turns: 50924, Time: 01:51:55

Health: -8/134     AC: 31    Str: 17    XL:     16   Next: 31%
Magic:  34/36      EV: 15    Int: 33    God:
Gold:   866        SH:  0    Dex: 17    Spells: 8/37 levels left

rFire    + + .     SeeInvis .   a - +12 dagger {drain, rElec rF+ rC- rN+++ Int+3}
rCold    . . .     Gourm    .   (no shield)
rNeg     + + +     Faith    .   d - +4 pearl dragon scales
rPois    .         Spirit   .   x - +2 hat
rElec    +         Reflect  .   I - +2 cloak
rCorr    .         Harm     .   C - +2 pair of gloves {Str+3}
MR       +++..                  B - +0 pair of boots of Starshine {+Blink rC+ MR+} (curse)
Stlth    ..........             J - amulet of magic regeneration
HPRegen  0.32/turn              p - +3 ring of protection
MPRegen  0.50/turn              N - ring "Cihucko" {rF+ MR+ Int+3 Dex+2 Stlth-}

@: no status effects
A: high mp 1
a: Evoke Blink


You were on level 1 of the Shoals.
You were not hungry.

You visited 5 branches of the dungeon, and saw 27 of its levels.
You also visited: Ossuary and Ice Cave.

You collected 2639 gold pieces.
You spent 1773 gold pieces at shops.

Inventory:

Hand Weapons
 a - the +12 dagger of Disarray (weapon) {drain, rElec rF+ rC- rN+++ Int+3}
   (You took it off an ogre mage on level 11 of the Dungeon)

   A truly terrible weapon, it drains the life of those it strikes.
   It affects your intelligence (+3).
   It protects you from fire.
   It makes you vulnerable to cold.
   It insulates you from electricity.
   It renders you almost immune to negative energy.
 b - a +4 scimitar of flaming
Missiles
 E - 4 throwing nets (quivered)
Armour
 d - +4 pearl dragon scales (worn)
 m - a +0 buckler
 x - a +2 hat (worn)
 B - the cursed +0 pair of boots of Starshine (worn) {+Blink rC+ MR+}
   (You bought it in a shop on level 2 of the Orcish Mines)

   It protects you from cold.
   It affects your resistance to hostile enchantments.
   It lets you blink.
   It has a curse placed upon it.
 C - a +2 pair of gloves of strength (worn)
 I - a +2 cloak (worn)
 P - the +3 hat of Pondering {ponderous, MR+ MP+10 Int+5}
   (You found it on level 11 of the Dungeon)

   It affects your intelligence (+5).
   It affects your resistance to hostile enchantments.
   It affects your magic capacity (+10).
Magical Staves
 w - an uncursed staff of wizardry
Jewellery
 g - an uncursed ring of flight
 i - an uncursed ring of ice
 p - a +3 ring of protection (left hand)
 z - a +5 ring of dexterity
 J - an amulet of magic regeneration (around neck)
 N - the ring "Cihucko" (right hand) {rF+ MR+ Int+3 Dex+2 Stlth-}
   (You found it on level 7 of the Dungeon)

   [ring of protection from magic]

   It affects your intelligence (+3).
   It affects your dexterity (+2).
   It protects you from fire.
   It affects your resistance to hostile enchantments.
   It makes you less stealthy.
 Z - an uncursed ring of resist corrosion
Wands
 e - a wand of paralysis (23)
 v - a wand of disintegration (9)
 y - a wand of random effects (27)
 D - a wand of iceblast (33)
 H - a wand of polymorph (14)
 O - a wand of flame (29)
 V - a wand of digging (14)
Scrolls
 j - 8 scrolls of identify
 k - 7 scrolls of teleportation
 l - 12 scrolls of remove curse
 o - 2 scrolls of enchant weapon
 r - 2 scrolls of fear
 s - 3 scrolls of blinking
 M - 6 scrolls of magic mapping
 R - 7 scrolls of amnesia
 U - 2 scrolls of fog
 W - a scroll of brand weapon
 X - a scroll of acquirement
Potions
 c - 2 potions of ambrosia
 h - 2 potions of haste
 n - 12 potions of curing
 q - a potion of berserk rage
 u - 2 potions of lignification
 F - 3 potions of flight
 G - 7 potions of brilliance
 K - 2 potions of magic
 L - 4 potions of might
 Q - 9 potions of heal wounds
 S - 4 potions of mutation
 Y - 4 potions of agility
Comestibles
 f - 33 rations


   Skills:
 - Level 10.0 Fighting
 + Level 8.8 Armour
 - Level 10.0 Dodging
 - Level 1.0 Stealth
 - Level 11.0 Spellcasting
 - Level 13.0 Conjurations
 - Level 4.0 Charms
 - Level 2.0 Necromancy
 - Level 1.0 Translocations
 - Level 13.0 Ice Magic
 - Level 9.0 Air Magic
 - Level 1.0 Evocations


You had 8 spell levels left.
You knew the following spells:

 Your Spells              Type           Power        Failure   Level  Hunger
a - Throw Frost           Conj/Ice       ######       1%          2    None
b - Throw Icicle          Conj/Ice       #######.     1%          4    None
c - Lightning Bolt        Conj/Air       ######....   2%          5    ##.....
d - Throw Flame           Conj/Fire      ######       1%          2    None
e - Regeneration          Chrm/Necr      #####.....   8%          3    None
f - Freezing Cloud        Conj/Ice/Air   #######...   11%         6    ####...
l - Blink                 Tloc           N/A          9%          2    None
o - Ozocubu's Armour      Chrm/Ice       ######..     1%          3    None
s - Swiftness             Chrm/Air       ######..     1%          2    None


Dungeon Overview and Level Annotations

Branches:
Dungeon (15/15)            Temple (0/1) D:5            Lair (6/6) D:10
 Shoals (2/4) Lair:2       Spider (0/4) Lair:4        Slime (0/5) Lair:5
    Orc (2/2) D:11            Elf (2/3) Orc:2        Vaults (0/5) D:13
 Depths (0/5) D:15

Shops:
D:11 %   Orc:2 [([?[

Annotations:
D:10 exclusion: downstairs
Lair:5 Ignatius881's ghost, journeyman MiBe
Shoals:1 exclusion: Roxanne, Roxanne


Innate Abilities, Weirdness & Mutations

You have an increased reservoir of magic. (+10% MP)


Message History

Unknown command.
You cannot cast spells while unable to breathe!
Unknown command.
With effort, you pull free of the water engulfing you.
You enter the shallow water.
Moving in this stuff is going to be slow.
You gasp with relief as air once again reaches your lungs.
The merfolk aquamancer gestures at you while chanting.
The torrent of water misses you.
The wave splashes down.
The water elemental hits you.
The water elemental engulfs you in water!
The merfolk aquamancer casts a spell at you.
The shard of ice hits you! The water elemental misses you.
The merfolk aquamancer hits you but does no damage.
Unknown command.
With effort, you pull free of the water engulfing you.
You gasp with relief as air once again reaches your lungs.
The merfolk aquamancer gestures at you while chanting.
The shard of ice hits you!
You die...

..≈≈≈≈≈≈≈≈≈≈≈≈≈≈..........≈≈≈[≈≈≈
.≈≈≈≈≈≈≈≈≈≈≈≈≈≈≈..#.....^.≈≈≈≈≈≈.
.≈≈≈≈≈≈≈≈≈≈≈≈≈≈≈..#.≈PPP≈PP≈≈P.P.
≈≈≈≈≈≈≈≈≈≈≈≈≈≈≈≈≈P..≈≈PPP≈≈P≈..##
≈≈≈≈≈≈≈≈≈≈..≈≈≈≈≈≈≈≈PPP≈≈PPP≈.##
≈≈≈≈≈≈≈≈≈≈...≈≈≈≈≈P≈≈≈P≈≈≈≈≈≈..#
...≈≈≈≈≈≈....≈≈≈≈≈≈PPPP≈P≈≈≈P..##
#...≈≈≈≈≈....≈≈≈≈PP≈P≈≈P≈≈≈≈P≈.##
#...≈≈≈≈≈≈≈≈≈≈≈.@≈≈P≈≈≈≈≈≈P≈≈P≈..
#....≈≈≈≈≈≈≈≈≈≈Em.≈≈≈P≈≈≈≈≈≈≈≈P≈≈
#≈≈..≈≈≈....≈≈≈>≈≈≈≈≈≈≈P≈≈≈P≈PP≈≈
.≈≈.≈≈≈.###.≈≈≈≈P≈≈≈≈≈≈≈≈≈≈≈≈P≈≈≈
.≈≈≈≈≈≈.# ##...≈?≈≈≈≈≈≈≈≈P≈≈P≈≈≈≈
...≈≈≈≈.## ##....≈≈≈≈≈..≈≈≈≈≈≈≈≈≈
...≈≈≈≈..###.....≈≈≈≈≈≈.≈≈≈≈≈≈≈≈≈
...≈≈≈≈≈..)...#..≈≈≈≈≈≈≈.≈≈..P≈≈≈
...≈≈≈≈≈......###≈≈≈≈≈≈.....≈≈≈≈≈


You could see a merfolk aquamancer and a water elemental.

Vanquished Creatures
  Nikola (Shoals:1)
  A frost giant (D:11)
  The ghost of Fingolfin the Severer, a journeyman HOMo of Beogh (Elf:1)
  Nessos (D:12)
  A dire elephant (D:15)
  A deep elf demonologist (Elf:2)
  A deep elf annihilator (Elf:2)
  2 deep elf death magi
  Snorg (Orc:1)
  Josephine (Lair:4)
  3 ogre magi
  Fannar (Lair:2)
  6 hydras
  An ice dragon (Lair:6)
  Erica (Lair:1)
  11 two-headed ogres
  A tengu warrior (D:15)
  A death knight (D:11)
  6 centaur warriors
  20 dancing weapons
  9 orc high priests (Orc:2)
  Nergalle (D:12)
  The ghost of jazmu the Destroyer, a novice DsFE (Lair:1)
  10 deep elf knights
  The ghost of Tiamon the Geomancer, a novice DEEE of Vehumet (D:11)
  2 sea snakes (Shoals:1)
  3 unseen horrors
  3 necromancers
  A wolf spider (Lair:4)
  2 wolf spider zombies
  An ugly thing (D:11)
  6 manticores
  7 deep elf archers
  An orc sorcerer (Orc:1)
  32 deep elf magi
  4 oklob plants (Lair:1)
  A cyclops (D:15)
  3 ice statues (IceCv)
  2 black mambas (Lair:3)
  A merfolk siren (Lair:2)
  6 large abominations (Elf:1)
  3 gargoyles
  A naga mage (D:15)
  33 spiny frogs
  A yaktaur (shapeshifter) (D:13)
  2 efreet
  7 ice devils (IceCv)
  2 kobold demonologists
  3 rime drakes
  2 tengu conjurers (D:15)
  7 komodo dragons
  4 red devils (D:12)
  A harpy zombie (D:15)
  2 polar bears
  5 trolls
  3 merfolk (Shoals:1)
  5 tyrant leeches (Lair:6)
  A meliai (D:10)
  3 wind drakes (Shoals:1)
  30 blink frogs
  9 hippogriffs
  14 slime creatures
  A dream sheep (Lair:3)
  A dream sheep (shapeshifter) (D:14)
  A meliai zombie (D:11)
  2 snapping turtles (Shoals:1)
  An air elemental (Elf:2)
  A redback (D:11)
  A spriggan (Lair:4)
  2 fire elementals
  9 wraiths
  3 wyverns
  A basilisk (Lair:1)
  3 hungry ghosts
  16 yaks
  9 vampire mosquitoes
  A soldier ant (D:13)
  6 wargs
  A swamp worm (shapeshifter) (Elf:2)
  14 water moccasins
  9 porcupines
  16 orc warriors
  2 sky beasts
  2 hornet zombies (D:11)
  6 ice beasts
  3 phantoms
  4 wolves
  20 ogres
  16 centaurs
  A boggart (D:11)
  7 crocodiles
  3 big kobolds
  5 elf zombies
  23 bullfrogs
  2 wyvern zombies
  3 gnoll sergeants
  A wyvern skeleton (D:6)
  4 scorpions
  A water moccasin skeleton (D:6)
  7 killer bees
  5 howler monkeys
  2 centaur zombies
  8 crimson imps
  3 draconian simulacra (IceCv)
  4 quasits
  3 bullfrog zombies
  9 hounds
  22 jellies
  40 orc priests
  3 bullfrog skeletons
  18 orc wizards
  5 centaur skeletons
  Crazy Yiuf (D:2)
  Ijyb (D:4)
  7 iguanas
  14 worker ants
  A spriggan simulacrum (IceCv)
  A centaur simulacrum (IceCv)
  4 ogre zombies (Ossuary)
  A hound zombie (D:6)
  7 mummies (Ossuary)
  A worker ant zombie (D:11)
  Robin (D:2)
  25 gnolls
  8 adders
  2 naga simulacra (IceCv)
  3 ogre simulacra (IceCv)
  3 shadow imps
  3 white imps (Lair:6)
  5 oozes (D:9)
  2 adder skeletons (D:5)
  3 adder zombies (Ossuary)
  2 worms
  A dart slug (D:2)
  7 leopard geckos
  93 orcs
  A ball python (D:3)
  13 giant cockroaches
  7 goblins
  9 hobgoblins
  19 jackals
  5 quokkas
  7 bats
  5 frilled lizards
  4 gnoll zombies
  4 goblin zombies (Ossuary)
  2 hobgoblin zombies (Ossuary)
  18 kobolds
  2 kobold zombies (Ossuary)
  2 leopard gecko skeletons (D:4)
  2 orc zombies (Ossuary)
  6 quokka zombies (Ossuary)
  9 rats
  3 rat zombies (Ossuary)
  9 plants
950 creatures vanquished.

Vanquished Creatures (collateral kills)
  2 phantoms (D:5)
  A worker ant zombie (D:5)
  A worm (D:5)
4 creatures vanquished.

Vanquished Creatures (others)
  11 fungi
  54 plants
65 creatures vanquished.

Grand Total: 1019 creatures vanquished

Notes
Turn   | Place    | Note
-------+----------+-------------------------------------------
     0 | D:1      | removed the Demigod Wanderer began the quest for the Orb.
     0 | D:1      | removed set off with: a wand of paralysis (15), Isumuqem's Handbook of Combat Magic, a potion of lignification, a +0 robe, a +0 dagger, a ration
     0 | D:1      | Reached XP level 1. HP: 14/14 MP: 8/8
     0 | D:1      | Identified Isumuqem's Handbook of Combat Magic
   991 | D:1      | Reached XP level 2. HP: 15/20 MP: 10/10
  1040 | D:1      | Learned a level 2 spell: Throw Frost
  1621 | D:2      | Reached skill level 5 in Spellcasting
  1634 | D:2      | Found a runed door.
  1966 | D:2      | Reached skill level 1 in Conjurations
  1990 | D:2      | Learned a level 2 spell: Throw Flame
  2155 | D:2      | Reached XP level 3. HP: 26/26 MP: 3/12
  2893 | D:2      | Found a basalt altar of Yredelemnul.
  2957 | D:2      | Found a shattered altar of Ashenzari.
  3196 | D:2      | Noticed Crazy Yiuf
  3573 | D:2      | Killed Crazy Yiuf
  3573 | D:2      | Reached XP level 4. HP: 33/33 MP: 0/14
  4609 | D:3      | Found a glowing golden altar of the Shining One.
  4638 | D:3      | Found a burning altar of Makhleb.
  4723 | D:3      | Noticed Robin
  4805 | D:2      | Killed Robin
  4805 | D:2      | Reached XP level 5. HP: 38/38 MP: 5/15
  5398 | D:4      | Noticed an ogre
  5886 | D:4      | Reached skill level 5 in Conjurations
  6028 | D:4      | Reached XP level 6. HP: 45/45 MP: 8/16
  6225 | D:4      | Noticed Ijyb
  6442 | D:4      | Killed Ijyb
  7320 | D:4      | Reached XP level 7. HP: 46/50 MP: 0/17
  8215 | D:4      | Found an opulent altar of Gozag.
  8370 | D:4      | Reached skill level 1 in Fighting
  8829 | D:5      | Entered Level 5 of the Dungeon
  8870 | D:5      | Found a staircase to the Ecumenical Temple.
  8969 | D:5      | Found a hazy altar of Hepliaklqana.
  9005 | D:5      | Reached skill level 1 in Dodging
  9205 | D:5      | Found a sand-covered staircase.
  9212 | Ossuary  | Entered an ossuary
  9477 | Ossuary  | Reached XP level 8. HP: 63/63 MP: 2/19
 11280 | D:5      | Found a shimmering altar of Xom.
 12642 | D:6      | Reached XP level 9. HP: 68/73 MP: 9/21
 12790 | D:6      | Reached skill level 5 in Fighting
 13230 | D:6      | Reached skill level 5 in Dodging
 14721 | D:7      | Got a heavily runed lapis lazuli ring
 14723 | D:7      | Identified the ring "Cihucko" {rF+ MR+ Int+3 Dex+2 Stlth-} (You found it on level 7 of the Dungeon)
 15274 | D:8      | Found a bloodstained altar of Trog.
 16812 | D:9      | Noticed a two-headed ogre
 16814 | D:9      | Noticed a two-headed ogre
 16905 | D:9      | Noticed a two-headed ogre
 16925 | D:10     | Entered Level 10 of the Dungeon
 17119 | D:10     | Reached XP level 10. HP: 80/86 MP: 8/22
 17483 | D:10     | Found a staircase to the Lair.
 18236 | D:10     | Killed a two-headed ogre
 18607 | D:10     | Killed a two-headed ogre
 19056 | D:10     | Learned a level 4 spell: Throw Icicle
 19221 | D:10     | Reached skill level 1 in Ice Magic
 20037 | D:9      | Found a glowing silver altar of Zin.
 20053 | D:9      | Noticed a two-headed ogre
 20059 | D:9      | Killed a two-headed ogre
 20231 | D:9      | Killed a two-headed ogre
 20416 | D:9      | Reached XP level 11. HP: 94/94 MP: 12/25
 20547 | D:9      | Reached skill level 5 in Ice Magic
 20699 | D:9      | Found a hide-covered altar of Uskayaw.
 21070 | D:11     | Learned a level 3 spell: Ozocubu's Armour
 21738 | D:11     | Noticed a centaur warrior
 21745 | D:11     | Killed a centaur warrior
 21754 | D:11     | Noticed an ogre mage
 21756 | D:11     | Noticed a frost giant
 21935 | Lair:1   | Entered Level 1 of the Lair of Beasts
 22661 | Lair:1   | Noticed Erica
 22667 | Lair:1   | Killed Erica
 22923 | Lair:1   | Noticed jazmu's ghost (novice DsFE)
 22935 | Lair:1   | Killed jazmu's ghost
 23802 | Lair:1   | Reached XP level 12. HP: 101/101 MP: 7/27
 25067 | Lair:1   | Reached skill level 10 in Ice Magic
 25213 | Lair:1   | Reached skill level 10 in Conjurations
 25216 | Lair:1   | Got an encrusted dagger
 25249 | Lair:1   | Learned a level 3 spell: Regeneration
 25250 | Lair:1   | Identified the +8 dagger of Eternal Harmony {freeze, rC- Str+3 Stlth+} (You found it on level 1 of the Lair of Beasts)
 25283 | Lair:2   | Found a snail-covered altar of Cheibriados.
 25369 | Lair:2   | Found a staircase to the Shoals.
 25661 | Lair:2   | Noticed Fannar
 26180 | Lair:2   | Killed Fannar
 26927 | Lair:3   | Noticed an eight-headed hydra
 26936 | Lair:3   | Killed an eight-headed hydra
 27270 | Lair:3   | Reached skill level 1 in Charms
 27270 | Lair:3   | Reached skill level 1 in Necromancy
 28459 | Lair:4   | Noticed Josephine
 28815 | Lair:4   | Found a hole to the Spider Nest.
 29351 | Lair:4   | Killed Josephine
 29860 | Lair:5   | Noticed a seven-headed hydra
 29862 | Lair:5   | Noticed Ignatius881's ghost (journeyman MiBe)
 29864 | Lair:5   | Killed a seven-headed hydra
 30062 | Lair:5   | Reached XP level 13. HP: 107/107 MP: 25/30
 30365 | Lair:5   | Found a staircase to the Slime Pits.
 30802 | Lair:6   | Entered Level 6 of the Lair of Beasts
 32983 | Lair:6   | Got an encrusted scale mail
 33275 | Lair:6   | Reached skill level 10 in Spellcasting
 34088 | Lair:6   | Identified the +1 scale mail of the Equator {rElec Dex+2} (You found it on level 6 of the Lair of Beasts)
 34803 | D:11     | Killed a frost giant
 34929 | D:11     | Got an ichor-stained battleaxe {venom}
 34939 | D:11     | Found a staircase to the Orcish Mines.
 34984 | D:11     | Reached XP level 14. HP: 39/118 MP: 6/33
 35193 | D:11     | Noticed Tiamon's ghost (novice DEEE)
 35197 | D:11     | Killed Tiamon's ghost
 35301 | D:11     | Found the +3 hat of Pondering {ponderous, MR+ MP+10 Int+5}
 35341 | D:11     | Learned a level 2 spell: Swiftness
 35380 | D:11     | Got a warped dagger {drain}
 35381 | D:11     | Identified the +12 dagger of Disarray {drain, rElec rF+ rC- rN+++ Int+3} (You took it off an ogre mage on level 11 of the Dungeon)
 35428 | D:11     | Found Seegrad's Food Shoppe.
 35859 | D:12     | Noticed Nessos
 35869 | D:12     | Killed Nessos
 36629 | D:12     | Got a heavily runed ring mail
 36753 | D:12     | Identified the cursed +0 ring mail of Wugy {+Fly rElec rN++ Stlth+} (You found it on level 12 of the Dungeon)
 36830 | D:12     | Noticed Nergalle
 36833 | D:12     | Killed Nergalle
 36908 | D:12     | Identified the +11 battleaxe of Icovadab {venom, +Inv Str+2 Int+4 Dex-4} (You took it off a deep elf mage on level 11 of the Dungeon)
 36994 | D:12     | Learned a level 5 spell: Lightning Bolt
 37378 | Orc:1    | Entered Level 1 of the Orcish Mines
 37466 | Orc:1    | Noticed Snorg
 37473 | Orc:1    | Killed Snorg
 37665 | Orc:1    | You fall through a shaft!
 37665 | Orc:2    | Entered Level 2 of the Orcish Mines
 37665 | Orc:2    | Found Suptuta's Armour Emporium.
 37781 | Orc:2    | Found a frozen archway.
 37816 | IceCv    | Entered an ice cave
 38908 | IceCv    | Got an ancient falchion
 39409 | Orc:2    | Reached skill level 5 in Air Magic
 40504 | Orc:2    | Found Iribilerghas's Magic Scroll Shoppe.
 40504 | Orc:2    | Found Iwkycw Besch's Antique Armour Shop.
 40527 | Orc:2    | Found a roughly hewn altar of Beogh.
 40663 | Orc:2    | Found Qabupoor's Armour Shop.
 40663 | Orc:2    | Found Jeimunn's Weapon Shoppe.
 40711 | Orc:2    | Found a staircase to the Elven Halls.
 40723 | Orc:2    | Found a bloodstained altar of Trog.
 41424 | Orc:2    | Bought a pair of heavily runed boots for 266 gold pieces
 41434 | Orc:2    | Identified the cursed +0 pair of boots of Starshine {+Blink rC+ MR+} (You bought it in a shop on level 2 of the Orcish Mines)
 41460 | Orc:2    | Bought a scroll of fear for 49 gold pieces
 41478 | Orc:2    | Bought +0 pearl dragon scales for 1200 gold pieces
 41492 | Orc:2    | Bought a +2 pair of gloves of strength for 258 gold pieces
 41726 | D:13     | Reached skill level 10 in Dodging
 41759 | D:13     | Reached skill level 10 in Fighting
 41912 | D:13     | Reached skill level 1 in Armour
 42276 | D:13     | Found a gate to the Vaults.
 42276 | D:13     | Identified Sif Muna's Reference Book on Destructive Transmutation
 42285 | D:13     | Learned a level 6 spell: Freezing Cloud
 42567 | D:14     | Found an ancient bone altar of Kikubaaqudgha.
 42674 | D:14     | Reached XP level 15. HP: 122/126 MP: 26/35
 43307 | D:15     | Entered Level 15 of the Dungeon
 43311 | D:15     | Reached skill level 5 in Armour
 43914 | D:15     | Found an ancient bone altar of Kikubaaqudgha.
 44260 | D:15     | Found a staircase to the Depths.
 44579 | D:15     | Found a sacrificial altar of Ru.
 44747 | Elf:1    | Entered Level 1 of the Elven Halls
 46056 | Elf:1    | Noticed Fingolfin's ghost (journeyman HOMo)
 46060 | Elf:1    | Killed Fingolfin's ghost
 46658 | Elf:1    | Identified the Papyrus of Stolen Souls
 46950 | Elf:2    | Noticed a Brimstone Fiend
 47792 | Elf:2    | Learned a level 2 spell: Blink
 47973 | Elf:2    | Found a runed gate.
 47974 | Elf:2    | Found a runed gate.
 47974 | Elf:2    | Found a runed gate.
 48294 | Elf:2    | Reached XP level 16. HP: 134/134 MP: 13/36
 49487 | Shoals:1 | Entered Level 1 of the Shoals
 49873 | Shoals:1 | Identified a scroll of acquirement
 50085 | Shoals:1 | Noticed Roxanne
 50107 | Shoals:1 | Noticed Nikola
 50658 | Shoals:1 | Killed Nikola
 50924 | Shoals:1 | Killed from afar by a merfolk aquamancer

Skill      XL: |  1  2  3  4  5  6  7  8  9 10 11 12 13 14 15 16 |
---------------+-------------------------------------------------+-----
Spellcasting   | 5 6 7 9 10 11 | 11.0
Conjurations   | 1 2 4 5 6 7 8 9 10 11 12 13 | 13.0
Fighting       | 3 4 7 8 9 10 | 10.0
Dodging        | 3 4 7 8 9 10 | 10.0
Ice Magic      | 4 9 10 11 12 13 | 13.0
Charms         | 4 |  4.0
Necromancy     | 2 |  2.0
Air Magic      | 5 9 |  9.0
Armour         | 3 8 |  8.8
Stealth        | |  1.0
Translocations | |  1.0
Evocations     | |  1.0

Action                   |  1- 3 |  4- 6 |  7- 9 | 10-12 | 13-15 | 16-18 || total
-------------------------+-------+-------+-------+-------+-------+-------++-------
Melee: Dagger            |    90 |    43 |   219 |   184 |   300 |    35 ||   871
       Spear             |       |    13 |       |       |       |       ||    13
       Quarterstaff      |       |     2 |       |       |       |       ||     2
       Trident           |       |     7 |       |       |       |       ||     7
       Scimitar          |       |       |       |    77 |    97 |       ||   174
 Cast: Throw Frost       |    50 |    38 |    39 |   208 |   392 |       ||   727
       Throw Flame       |    10 |   139 |   456 |   157 |    11 |       ||   773
       Throw Icicle      |       |       |       |   165 |   687 |   119 ||   971
       Ozocubu's Armour  |       |       |       |     4 |    48 |       ||    52
       Lightning Bolt    |       |       |       |       |     6 |       ||     6
       Swiftness         |       |       |       |       |     1 |       ||     1
       Freezing Cloud    |       |       |       |       |       |     1 ||     1
Evoke: Wand              |     8 |     1 |     4 |    17 |     2 |       ||    32
  Use: Scroll            |     1 |       |    16 |     6 |    11 |     5 ||    39
       Potion            |       |       |       |     2 |     3 |     2 ||     7
 Stab: Sleeping          |     3 |       |       |       |       |       ||     3
       Paralysed         |     2 |     1 |    12 |    18 |     2 |       ||    35
       Distracted        |       |       |     1 |       |       |       ||     1
  Eat: Chunk             |     8 |    12 |    25 |    24 |    53 |     5 ||   127
       Ration            |       |       |     2 |     6 |     3 |     1 ||    12
Armor: Robe              |    33 |    28 |   101 |   116 |   136 |       ||   414
       Skin              |       |       |       |     4 |       |       ||     4
       Pearl dragon scal |       |       |       |       |   341 |    78 ||   419
Dodge: Dodged            |    56 |    60 |   251 |   409 |   662 |    66 ||  1504
       Rpst.: Scimitar   |       |       |       |    13 |    97 |       ||   110
